Cogmind - Beta 16 @@@ ROGUE MODE // 2025.10.25 @ 19:49:48 Player: Switzy Result: Destroyed by UD-D55(R) with Subdweller Laser Performance ------------- Evolutions (0) 0 Regions Visited (2) 400 Robots Destroyed (6) 30 Value Destroyed (145) 145 Prototype IDs (0) 0 Alien Tech Used (0) 0 Bonus (0) 0 TOTAL SCORE: 575 Bonus ------- None Cogmind --------- Core Integrity 0/250 Matter 293/300 Energy 90/100 System Corruption 0% Temperature Cool (18) Movement Walking (120) Location -10/Subcaves Parts ------- > --- POWER (1) -------- (None) > --- PROPULSION (2) --- Aluminum Leg > --- UTILITY (2) ------ (None) > --- WEAPON (2) ------- (None) > --- INVENTORY (5) ---- Medium Matter Pod (0) Scrap Shield Small Laser Datajack Peak State ------------ > --- POWER ------------ Ion Engine > --- PROPULSION ------- Aluminum Leg Aluminum Leg > --- UTILITY ---------- Small Storage Unit Medium Matter Pod > --- WEAPON ----------- Assault Rifle Assault Rifle > --- INVENTORY -------- Aluminum Leg Aluminum Leg Small Laser [Rating: 7] Favorites ----------- Power Ion Engine Engine Ion Engine Propulsion Aluminum Leg Leg Aluminum Leg Utility Small Storage Unit Storage Small Storage Unit Weapon Assault Rifle Ballistic Gun Assault Rifle Build | -11 -10 -10 ------- Run | Yrd Mat Sub Slots Evolved . | . . . Power . | . . . Propulsion . | . . . Utility . | . . . Weapon . | . . . Parts Attached 10 | 6 3 1 Power 2 | 1 1 . Engine 2 | 1 1 . Core . | . . . Reactor . | . . . Propulsion 4 | 2 1 1 Treads . | . . . Leg 4 | 2 1 1 Wheel . | . . . Hover . | . . . Flight . | . . . Utility 2 | 1 1 . Device . | . . . Storage 2 | 1 1 . Processor . | . . . Hackware . | . . . Protection . | . . . Artifact . | . . . Weapon 2 | 2 . . Energy Gun . | . . . Energy Cannon . | . . . Ballistic Gun 2 | 2 . . Ballistic Cannon . | . . . Launcher . | . . . Special Weapon . | . . . Impact Weapon . | . . . Slashing Weapon . | . . . Piercing Weapon . | . . . Special Melee Weapon . | . . . Unidentified Prototypes . | . . . Parts Lost 4 | . . 4 Power 1 | . . 1 Propulsion 1 | . . 1 Utility . | . . . Weapon 2 | . . 2 Highest Loss Streak 4 | . . 4 To Critical Strikes . | . . . Average Backups 3 | 1 3 5 Power . | . . . Propulsion 1 | . 1 1 Utility . | . . 1 Weapon . | . 1 1 Tool/Special . | . . . Unused Backups 3 | . . 3 Power . | . . . Propulsion . | . . . Utility 1 | . . 1 Weapon 1 | . . 1 Tool/Special 1 | . . 1 Average Slot Usage (%) 93 | . 96 85 Engine 13 | . 13 12 Leg 27 | . 27 28 Storage 23 | . 25 17 Ballistic Gun 27 | . 28 25 Peak Build Rating 7 | 6 7 7 Average Rating 6 | 4 6 6 On Entrance 4 | . 6 7 Avg Prop Armor Cover (%) . | . . . Naked Turns . | . . . Heaviest Build 16 | 12 16 16 Greatest Support 20 | 20 20 20 Greatest Overweight (x) . | . . . Average Overweight (x) . | . . . Largest Inventory Capacity 8 | 8 8 8 Average Capacity 7 | 6 8 8 Most Carried 8 | 5 6 8 Average Carried 3 | 1 3 6 Final Capacity 8 | 8 8 5 Final Carried 5 | 1 4 5 Class Distribution -------------------- 100% | Mutant Dominant Class ---------------- Mutant | -10/Materials Mutant | -10/Subcaves Resources | -11 -10 -10 ----------- Run | Yrd Mat Sub Matter Collected 393 | 260 96 37 Remotely . | . . . Salvage Created 179 | . 179 . Parts 12 | . 12 . Haulers Intercepted . | . . . Recyclers Shooed . | . . . Parts Field Recycled . | . . . Retrieved Matter . | . . . Parts Self-Destructed . | . . . Prevented . | . . . Parts Restored . | . . . Kills | -11 -10 -10 ------- Run | Yrd Mat Sub Combat Hostiles Destroyed 6 | . 6 . Guns 6 | . 6 . Classes Destroyed 2 | . 2 . Swarmer 3 | . 3 . Grunt 3 | . 3 . Best Kill Streak 3 | . 3 . Combat Bots Only 3 | . 3 . Max Kills in Single Turn 1 | . 1 . Gunslinging . | . . . Exploded . | . . . Melee . | . . . Uniques/NPCs Destroyed . | . . . Combat | -11 -10 -10 -------- Run | Yrd Mat Sub Hostile Shots Fired 79 | . 47 32 Missed 33 | . 21 12 Hits 46 | . 26 20 Projectile 46 | . 26 20 Critical Strikes 1 | . . 1 Damage Taken 807 | . 269 538 Core 271 | . 71 200 Absorbed by Shields . | . . . Core Remaining (%) 100 | 100 . . Volleys Fired 21 | . 18 3 Largest 2 | . 2 2 Hottest 40 | . 40 40 Shots Fired 40 | . 36 4 Gun 40 | . 36 4 Cannon . | . . . Launcher . | . . . Special . | . . . Kinetic 40 | . 36 4 Thermal . | . . . Explosive . | . . . Electromagnetic . | . . . Robot Hit Streak 12 | . 12 3 Robot Miss Streak 5 | . 5 1 Penetration Max . | . . . Secondary Targets . | . . . Shots Hit Robots 26 | . 23 3 Core Hits 11 | . 10 1 Critical Kills . | . . . Critical Parts Destroyed . | . . . Critical Strikes . | . . . Melee Attacks . | . . . Impact . | . . . Slashing . | . . . Piercing . | . . . Sneak Attacks . | . . . Combat Hostiles . | . . . Follow-up Attacks . | . . . Damage Inflicted 359 | . 311 48 Guns 359 | . 311 48 Cannons . | . . . Explosions . | . . . Melee . | . . . Ramming . | . . . Kinetic 359 | . 311 48 Thermal . | . . . Explosive . | . . . Electromagnetic . | . . . Impact . | . . . Slashing . | . . . Piercing . | . . . Highest Corruption . | . . . Average Corruption . | . . . Corruption Purged . | . . . Corruption Blocked . | . . . Overload Shots . | . . . Overflow Damage . | . . . Projectiles . | . . . Explosions . | . . . Melee . | . . . Knockbacks . | . . . Impact . | . . . Kinetic . | . . . Secondary . | . . . Self-Inflicted Damage . | . . . Shots . | . . . Rammed . | . . . Targets Rammed . | . . . Kicked . | . . . Crushed . | . . . Highest Temperature 2 | . 2 . Average Temperature 2 | . 2 . Received Heat Transfer 204 | . 81 123 Siege Activations . | . . . Martial Activations . | . . . Shielding Activations . | . . . Robots Disrupted . | . . . Combat Hostiles . | . . . Robots Corrupted . | . . . Combat Hostiles . | . . . Parts Fried . | . . . Impact Corruptions . | . . . Robots Melted . | . . . Combat Hostiles . | . . . Parts Melted . | . . . Heat Transferred . | . . . Parts Sabotaged . | . . . Parts Stolen . | . . . Parts Stripped . | . . . Power Chain Reactions . | . . . Alert | -11 -10 -10 ------- Run | Yrd Mat Sub Maximum Alert Level . | . . . Low Security (%) 100 | 100 100 . Level 1 . | . . . Level 2 . | . . . Level 3 . | . . . Level 4 . | . . . Level 5 . | . . . High Security . | . . . Max Security . | . . . Peak Influence 80 | . 80 . Initial . | . . . Average 24 | . 28 . Influence Increases 150 | . 150 . Destroy 0b10 Robot/C 120 | . 120 . Destroy Leader 30 | . 30 . Influence Decreases 150 | . 150 . Time Decay 150 | . 150 . Squads Dispatched 2 | . 2 . Investigation . | . . . Extermination . | . . . Reinforcement 2 | . 2 . Assault . | . . . Garrison . | . . . Intercept . | . . . Searches Triggered . | . . . Construction Impeded . | . . . Haulers Reinforced . | . . . Active Scanning Responses . | . . . Cargo Convoy Interrupts . | . . . Stealth | -11 -10 -10 --------- Run | Yrd Mat Sub Distress Signals 2 | . 2 . Communications Jammed . | . . . Distress Signals . | . . . Times Spotted 19 | . 7 12 Peak Tracking Total 9 | . 4 9 Tactical Retreats . | . . . Traps | -11 -10 -10 ------- Run | Yrd Mat Sub Traps Triggered 3 | . 1 2 Indirectly . | . . . Trap Hack Attempts . | . . . Triggered . | . . . Disarmed . | . . . Reprogrammed . | . . . Reused . | . . . Traps Extracted . | . . . Installed . | . . . Triggered . | . . . Machines | -11 -10 -10 ---------- Run | Yrd Mat Sub Machines Disabled . | . . . Max in Single Turn . | . . . Machines Repaired . | . . . Machines Dismantled . | . . . Machines Sabotaged . | . . . Overloaded Fab Kills . | . . . Hacking | -11 -10 -10 --------- Run | Yrd Mat Sub Machines Accessed 2 | . 2 . Terminals . | . . . Fabricators . | . . . Repair Stations 1 | . 1 . Recycling Units 1 | . 1 . Scanalyzers . | . . . Garrison Access . | . . . Total Hacks 2 | . 2 . Successful 1 | . 1 . Failed 1 | . 1 . Catastrophic . | . . . Database Lockouts . | . . . Manual . | . . . Terminals . | . . . Fabricators . | . . . Repair Stations 1 | . 1 . Recycling Units 1 | . 1 . Scanalyzers . | . . . Garrison Access . | . . . Terminal Hacks . | . . . Fabricator Hacks . | . . . Repair Station Hacks . | . . . Recycling Unit Hacks 1 | . 1 . Report Inventory 1 | . 1 . Scanalyzer . | . . . Garrison Access Hacks . | . . . Unauthorized Hacks . | . . . Terminals . | . . . Fabricators . | . . . Repair Stations . | . . . Recycling Units . | . . . Scanalyzers . | . . . Garrison Access . | . . . Data Cores Recovered . | . . . Used . | . . . Hacking Detections 1 | . 1 . Full Trace Events . | . . . Feedback Events . | . . . Feedback Blocked . | . . . Robot Schematics Acquired . | . . . Robots Built . | . . . Authchips . | . . . Time . | . . . Total Robot Build Rating . | . . . Part Schematics Acquired . | . . . Parts Built . | . . . Authchips . | . . . Time . | . . . Total Part Build Rating . | . . . Part Studies Acquired . | . . . Parts Repaired . | . . . Time . | . . . Parts Recycled . | . . . Recycled Matter . | . . . Retrieved Matter . | . . . Retrieved Components . | . . . Parts Scanalyzed . | . . . Part Schematics Acquired . | . . . Parts Damaged . | . . . Bothacking | -11 -10 -10 ------------ Run | Yrd Mat Sub Used RIF Installer . | . . . Robots Hacked . | . . . Non-combat . | . . . Combat . | . . . Robot Hacks Applied . | . . . Relay Couplers Released . | . . . Fabnet Peak Effective % . | . . . Robots Rewired . | . . . Allies Hacked . | . . . Hacks Repelled . | . . . Allies | -11 -10 -10 -------- Run | Yrd Mat Sub Total Allies . | . . . Largest Group . | . . . Highest-Rated Group . | . . . Highest-Rated Ally . | . . . Total Orders . | . . . Ally Attacks . | . . . Total Damage . | . . . Kills . | . . . Allies Corrupted . | . . . Allies Melted . | . . . Intel | -11 -10 -10 ------- Run | Yrd Mat Sub Active Infowar (turns) . | . . . Robot Analysis Total . | . . . Derelict Logs Recovered . | . . . Drone Launches . | . . . Drone Recoveries . | . . . Exploration | -11 -10 -10 ------------- Run | Yrd Mat Sub Turns Passed 640 | 75 446 119 Spaces Moved 299 | 64 153 82 Core 28 | 28 . . Treads . | . . . Legs 271 | 36 153 82 Wheels . | . . . Hover . | . . . Flight . | . . . Fastest Speed 50 | 50 120 120 Average Speed 113 | 89 120 120 Slowest Speed 120 | 120 120 120 Overloaded Moves . | . . . Propulsion Burnouts . | . . . Robots Hopped . | . . . Potential Cave-ins . | . . . Cave-ins Triggered . | . . . Exploration Rate (%) 12 | 4 26 8 Regions Visited 2 Branch Regions 1 Pre-discovered Areas . | . . . Known Exits Taken . | . . . Unknown Exits Taken 2 | 1 1 . Scrap Searched . | . . . Spaces Dug . | . . . Terrain Destroyed . | . . . Melee . | . . . Projectile . | . . . AOE . | . . . Terrain Rammed . | . . . Walls Destroyed . | . . . Machines Disabled . | . . . Actions | -11 -10 -10 --------- Run | Yrd Mat Sub Total 558 | 81 379 98 Wait 212 | 6 200 6 Move 297 | 63 152 82 Hop . | . . . Pick Up 15 | 6 6 3 Fast Attach 1 | 1 . . Attach 9 | 5 3 1 Detach 1 | . . 1 Swap . | . . . Drop 2 | . . 2 Fire 21 | . 18 3 Melee . | . . . Ram . | . . . Kick . | . . . Crush . | . . . Escape Stasis . | . . . Rewire . | . . . Trap . | . . . Miscellaneous . | . . . Route ------- -11/Scrapyard -10/Materials -10/Subcaves History --------- Turn | Location | Event 9 | -11/Scrapyard | Discovered new exit (range 15) 76 | -11/Scrapyard | Entered Materials 314 | -10/Materials | Build established: Mutant 492 | -10/Materials | Discovered new exit (range 9) 522 | -10/Materials | Entered Subcaves 627 | -10/Subcaves | Ambushed by swarm of Subdwellers 627 | -10/Subcaves | Ambushed by Subdwellers from Twisted Machinery 627 | -10/Subcaves | Ambushed by Subdwellers from Twisted Machinery 627 | -10/Subcaves | Ambushed by Subdwellers from Twisted Machinery 628 | -10/Subcaves | Core integrity fell below 50% 641 | -10/Subcaves | Core integrity fell below 20% 641 | -10/Subcaves | Destroyed by UD-D55(R) with Subdweller Laser Last Messages --------------- Machinery. 00630_ HV Slug penetrates MG-0AA(R). 00630_ MG-0AA(R) suffers critical hit (Destroy). 00630_ MG-0AA(R) destroyed. 00630_ Assault Rifle destroyed. 00630_ Ion Engine destroyed. 00631_ AC-VQD(R) emerges from the Twisted Machinery. 00633_ DB-YVM(h) destroyed. 00634_ XO-89V(R) destroyed. 00636_ UD-D55(R) affixes Scrap Shield Fragment to Scrap Shield. 00638_ ST-KQE(R) affixes Scrap Shield Fragment to Scrap Shield. 00639_ Assault Rifle destroyed. 00639_ HD-7B0(R) affixes Scrap Shield Fragment to Scrap Shield. 00641_ 8E-BFN(R) destroyed. 00641_ Dropped Sml. Storage Unit. 00641_ Aluminum Leg destroyed. Map ----- +----------------------------------------------------+ | ??????????????????????? ??????????????????????? | | ?????????????????????? ??????????????????????? | | ????????????????????? ??????????????????????? | | ???????????????#?### ?# ##?????????????????????? | | ####?????????### #?? #?????????????????????? | | #????????# #?## ##????????????????????? | | ?????????# #?# ###??????????????????? | | ?######### #??# ???????????????????? | | ## ## #### ????????????????????? | | ## #????????????????????? | | ?#### #???##???????????????? | | ???## # #### #???????????????? | | #??# ## # # ##??????????????? | | #### #### # ### ### #??????????? | | ##??## ## ## ###????????? | | ##???#### ### #????????? | | ####### ## #### ## ??????? | | # ### ### #?##### #???????????????? | | # ## ##?????# #???????????????? | | #?????## #???????????????? | | ## # #????# #???????????????? | | ###### ## ##?## #???????????????? | | ##### ##????#### # ### #???????????????? | | ###???#####?????????#### ^ #???????????????? | | ???????????????????????##&!*%^% #???????????????? | | ???????????????????????##@%%&=! #???????????????? | | ???????????????????????#&=!=%R####???????????????? | | ???????????????????????##&^R* ;#?????????????????? | | ???????????????????????##%RR* "#?????????????????? | | ???????????????????????#!![RR""#?????????????????? | | ???????????????????????###R" #????????????????? | | ?????????????????????????##" ##????????????????? | | ??????????????????????????#" #?????????????????? | | ??????????????????????????#" #????????????????? | | ??????????????????????????## ^ #???????????????? | | ???????????????????????????### ??????????????? | | ?????????????????????????????? ?????????????? | | ?????????????????????????????? "????????????? | | ?????????????????????????????? ""????????????? | | ?????????????????????????????? ## ###????????????? | | ??????????????????????????????##?##??????????????? | | ?????????????????????????????????????????????????? | | ?????????????????????????????????????????????????? | | ?????????????????????????????????????????????????? | | ?????????????????????????????????????????????????? | | ?????????????????????????????????????????????????? | | ?????????????????????????????????????????????????? | | ?????????????????????????????????????????????????? | | ?????????????????????????????????????????????????? | | ?????????????????????????????????????????????????? | +----------------------------------------------------+ Best States ------------- Heat Dissipation 25 Energy Generation 10 Energy Capacity 250 Matter Stores 300 Matter Capacity 400 Sight Range 16 Terrain Scan Density 10 Evasion (%) 55 Item Schematics ----------------- None Robot Schematics ------------------ None Fabricated ------------ Nothing Repaired ---------- Nothing Studied --------- None Alien Tech Used ----------------- None Achievements -------------- DATA ERROR: Steam Global Achievement% Challenges ------------ None Game ------ Seed StorageGravjetBlade Manual? 0 Play Time 00:09:24 Cumulative 7.5 hours Start 2025.10.25 @ 19:43:03 End 2025.10.25 @ 19:49:48 Sessions 1 Manual Loads 0 Difficulty Rogue Special Mode None Game No. 16 Rogue 14 Adventurer 2 Explorer 0 Win Type - Total 0 Types 0/0/0/0/0/0/0/0/0/0 Lore% 2 Gallery% 12 Achievement% 6 Wizard Run 0 Options --------- Layout 2 ASCII 0 Keyboard 0 Movement Mouse Keybinds 0 Fullscreen 1 Font 48/Smallcaps Map View 50x44 Zoom Use 0% Tactical HUD 1 Map Filters NONE Filters NONE Steam 1 RUN: 718e4345-f307-454b-8dd0-259304fb646a